TOP OF THE 1ST |
Milton Dogfish Head batting - Pitching for Phoenix Hotspur Reserves : RHP John Ball
|
Pitching: RHP John Ball
|
|
Batting: RHB Moisés Quintana
|
0-0: Called Strike 0-1: DOUBLE (Line Drive, 9D)
|
Batting: RHB Fernando Silva
|
0-0: Called Strike 0-1: Swinging Strike 0-2: Ball 1-2: Foul Ball, location: 2F 1-2: Fly out, F7 (Flyball, 7LDF)
|
Batting: RHB José Correa
|
0-0: Ball 1-0: 2-RUN HOME RUN (Flyball, 7D), Distance : 389 ft
|
Batting: RHB Bryce Bancroft
|
0-0: Ball 1-0: Ball 2-0: Called Strike 2-1: SOLO HOME RUN (Flyball, 7D), Distance : 396 ft
|
Batting: LHB Edward Woodstock
|
0-0: Called Strike 0-1: Foul Ball, location: 2F 0-2: Foul Ball, location: 2F 0-2: Ground out 6-3 (Groundball, 6)
|
Batting: RHB Luis Alomar
|
0-0: Swinging Strike 0-1: Ball 1-1: Ball 2-1: Ground out U3 (Groundball, 3)
|
Top of the 1st over - 3 runs, 3 hits, 0 errors, 0 left on base; Milton 3 - Phoenix 0 |
BOTTOM OF THE 1ST |
Phoenix Hotspur Reserves batting - Pitching for Milton Dogfish Head : RHP Juan Lara
|
Pitching: RHP Juan Lara
|
|
Batting: SHB Roberto López
|
0-0: Called Strike 0-1: Swinging Strike 0-2: Ball 1-2: Foul Ball, location: 2F 1-2: Fly out, F9 (Line Drive, 9)
|
Batting: RHB Jesús Mejía
|
0-0: Foul Ball, location: 2F 0-1: Ball 1-1: Ground out 6-3 (Groundball, 6)
|
Batting: RHB Hieronymus Bosch
|
0-0: Ball 1-0: Ball 2-0: Ball 3-0: Foul Ball, location: 2F 3-1: Foul Ball, location: 2F 3-2: Strikes out swinging
|
Bottom of the 1st over - 0 runs, 0 hits, 0 errors, 0 left on base; Milton 3 - Phoenix 0 |
TOP OF THE 2ND |
Milton Dogfish Head batting - Pitching for Phoenix Hotspur Reserves : RHP John Ball
|
Batting: RHB David Sánchez
|
0-0: Ball 1-0: Ball 2-0: Ball 3-0: Called Strike 3-1: Base on Balls
|
Batting: LHB Luis Vicenteno
|
0-0: Called Strike David Sánchez steals 2nd base 0-1: Foul Ball, location: 2F 0-2: Ball 1-2: Ground out U3 (Groundball, 3) David Sánchez to third
|
Batting: SHB Javier Luna
|
0-0: Foul Ball, location: 2F 0-1: Ground out 4-3 (Groundball, 4) David Sánchez scores
|
Batting: RHB Moisés Quintana
|
0-0: Ball 1-0: Ball 2-0: Fly out, F8 (Line Drive, 8RD)
|
Top of the 2nd over - 1 run, 0 hits, 0 errors, 0 left on base; Milton 4 - Phoenix 0 |
BOTTOM OF THE 2ND |
Phoenix Hotspur Reserves batting - Pitching for Milton Dogfish Head : RHP Juan Lara
|
Batting: RHB Julián De Paz
|
0-0: Foul Ball, location: 2F 0-1: SINGLE (Flyball, 9S)
|
Batting: LHB Harumi Takaki
|
0-0: Ball 1-0: Fly out, F6 (Line Drive, 6)
|
Batting: RHB Bob Curry
|
0-0: Called Strike 0-1: Ball 1-1: Ball 2-1: Ball 3-1: Swinging Strike 3-2: Base on Balls Julián De Paz to second
|
Batting: RHB Germán Alfaro
|
0-0: Ball 1-0: Ball 2-0: Ball 3-0: Called Strike 3-1: Grounds into double play, 6-4-3 (Groundball, 6M)
|
Bottom of the 2nd over - 0 runs, 1 hit, 0 errors, 1 left on base; Milton 4 - Phoenix 0 |
TOP OF THE 3RD |
Milton Dogfish Head batting - Pitching for Phoenix Hotspur Reserves : RHP John Ball
|
Batting: RHB Fernando Silva
|
0-0: Called Strike 0-1: Ball 1-1: Foul Ball, location: 2F 1-2: Ground out 6-3 (Groundball, 56)
|
Batting: RHB José Correa
|
0-0: Foul Ball, location: 2F 0-1: Ball 1-1: Swinging Strike 1-2: Foul Ball, location: 2F 1-2: Strikes out swinging
|
Batting: RHB Bryce Bancroft
|
0-0: Ball 1-0: Ball 2-0: Ball 3-0: Called Strike 3-1: Base on Balls
|
Batting: LHB Edward Woodstock
|
0-0: Swinging Strike 0-1: Ball 1-1: Ball 2-1: Foul Ball, location: 2F 2-2: Strikes out swinging
|
Top of the 3rd over - 0 runs, 0 hits, 0 errors, 1 left on base; Milton 4 - Phoenix 0 |
BOTTOM OF THE 3RD |
Phoenix Hotspur Reserves batting - Pitching for Milton Dogfish Head : RHP Juan Lara
|
Batting: LHB Richard Alpert
|
0-0: Ball 1-0: Ball 2-0: Ball 3-0: Called Strike 3-1: Base on Balls
|
Batting: LHB Derek Blair
|
0-0: Ball 1-0: SINGLE (Groundball, 2L) (infield hit) Richard Alpert to second
|
Batting: SHB Roberto López
|
0-0: Called Strike 0-1: Ball 1-1: DOUBLE (Line Drive, 89XD) Richard Alpert scores Derek Blair to third
|
Batting: RHB Jesús Mejía
|
0-0: Called Strike 0-1: Fly out, F7 (Flyball, 7S)
|
Batting: RHB Hieronymus Bosch
|
0-0: Ball 1-0: Called Strike 1-1: Fly out, F9 (Flyball, 9) Runner from 3rd tags up, OUT at HOME
|
Bottom of the 3rd over - 1 run, 2 hits, 0 errors, 1 left on base; Milton 4 - Phoenix 1 |
TOP OF THE 4TH |
Milton Dogfish Head batting - Pitching for Phoenix Hotspur Reserves : RHP John Ball
|
Batting: RHB Luis Alomar
|
0-0: Called Strike 0-1: Ball 1-1: Swinging Strike 1-2: Foul Ball, location: 2F 1-2: Strikes out looking
|
Batting: RHB David Sánchez
|
0-0: Fly out, F7 (Flyball, 7S)
|
Batting: LHB Luis Vicenteno
|
0-0: Ball 1-0: SINGLE (Line Drive, 9S)
|
Batting: SHB Javier Luna
|
0-0: Ball Luis Vicenteno steals 2nd base 1-0: Ball 2-0: Fly out, F9 (Flyball, 9S)
|
Top of the 4th over - 0 runs, 1 hit, 0 errors, 1 left on base; Milton 4 - Phoenix 1 |
BOTTOM OF THE 4TH |
Phoenix Hotspur Reserves batting - Pitching for Milton Dogfish Head : RHP Juan Lara
|
Batting: RHB Julián De Paz
|
0-0: Fly out, F9 (Flyball, 9D)
|
Batting: LHB Harumi Takaki
|
0-0: Ball 1-0: Ball 2-0: Ball 3-0: Base on Balls
|
Batting: RHB Bob Curry
|
0-0: Ball 1-0: Grounds into double play, 5-4-3 (Groundball, 5)
|
Bottom of the 4th over - 0 runs, 0 hits, 0 errors, 0 left on base; Milton 4 - Phoenix 1 |
TOP OF THE 5TH |
Milton Dogfish Head batting - Pitching for Phoenix Hotspur Reserves : RHP John Ball
|
Batting: RHB Moisés Quintana
|
0-0: Ball 1-0: Foul Ball, location: 2F 1-1: Ball 2-1: SINGLE (Line Drive, 9S)
|
Batting: RHB Fernando Silva
|
0-0: Called Strike 0-1: Swinging Strike 0-2: Strikes out looking
|
Batting: RHB José Correa
|
0-0: Swinging Strike 0-1: Ball 1-1: Foul Ball, location: 2F 1-2: Foul Ball, location: 2F 1-2: Foul Ball, location: 2F 1-2: Ball 2-2: Foul Ball, location: 2F 2-2: DOUBLE (Line Drive, 8LD) Moisés Quintana to third
|
Batting: RHB Bryce Bancroft
|
0-0: Ball 1-0: Ball 2-0: Called Strike 2-1: Ground out 5-3 (Groundball, 5S)
|
Batting: LHB Edward Woodstock
|
0-0: Called Strike 0-1: Foul Ball, location: 2F 0-2: Ball 1-2: Ball 2-2: SINGLE (Groundball, 4MD) Moisés Quintana scores José Correa to third Runner from 3rd tries for Home, SAFE, no throw
|
Batting: RHB Luis Alomar
|
0-0: Ball 1-0: Called Strike 1-1: Ball 2-1: Ball 3-1: Swinging Strike 3-2: Base on Balls Edward Woodstock to second
|
Pitching: LHP Ray Davis
|
|
Batting: RHB David Sánchez
|
0-0: Fly out, F7 (Flyball, 7S)
|
Top of the 5th over - 2 runs, 3 hits, 0 errors, 2 left on base; Milton 6 - Phoenix 1 |
BOTTOM OF THE 5TH |
Phoenix Hotspur Reserves batting - Pitching for Milton Dogfish Head : RHP Juan Lara
|
Batting: RHB Germán Alfaro
|
0-0: Ball 1-0: DOUBLE (Flyball, 8RD)
|
Batting: LHB Richard Alpert
|
0-0: Called Strike 0-1: Called Strike 0-2: Strikes out swinging
|
Batting: LHB Derek Blair
|
0-0: Ball 1-0: Swinging Strike 1-1: Ball 2-1: Reached on error, E1 (Groundball, P) Germán Alfaro to third
|
Batting: SHB Roberto López
|
0-0: Ball 1-0: Ball 2-0: Fly out, F8 (Flyball, 8LS) Runner from 3rd tags up, SCORES, no throw
|
Pitching: RHP Robinson Suárez
|
|
Now in CF: Miguel Montoya
|
|
Batting: RHB Jesús Mejía
|
0-0: Called Strike 0-1: Ball 1-1: Ball 2-1: Foul Ball, location: 2F 2-2: Strikes out swinging
|
Bottom of the 5th over - 1 run, 1 hit, 1 error, 1 left on base; Milton 6 - Phoenix 2 |
TOP OF THE 6TH |
Milton Dogfish Head batting - Pitching for Phoenix Hotspur Reserves : LHP Ray Davis
|
Batting: LHB Luis Vicenteno
|
0-0: Ball 1-0: SINGLE (Flyball, 7LS)
|
Batting: SHB Javier Luna
|
0-0: Bunt - Flyout! F1
|
Batting: RHB Moisés Quintana
|
0-0: Ball 1-0: SINGLE (Groundball, 56D) Luis Vicenteno to second
|
Batting: RHB Miguel Montoya
|
0-0: Called Strike 0-1: Called Strike 0-2: Ball 1-2: Strikes out swinging
|
Batting: RHB José Correa
|
0-0: Fielders Choice at 2nd, 5-4 (Groundball, 56)
|
Top of the 6th over - 0 runs, 2 hits, 0 errors, 2 left on base; Milton 6 - Phoenix 2 |
BOTTOM OF THE 6TH |
Phoenix Hotspur Reserves batting - Pitching for Milton Dogfish Head : RHP Robinson Suárez
|
Batting: RHB Hieronymus Bosch
|
0-0: Ball 1-0: Called Strike 1-1: Swinging Strike 1-2: Foul Ball, location: 2F 1-2: Ball 2-2: Ball 3-2: Fly out, F5 (Popup, 5SF)
|
Batting: RHB Julián De Paz
|
0-0: Ground out 6-3 (Groundball, 6)
|
Batting: LHB Harumi Takaki
|
0-0: Ball 1-0: Swinging Strike 1-1: Swinging Strike 1-2: Ball 2-2: Strikes out looking
|
Bottom of the 6th over - 0 runs, 0 hits, 0 errors, 0 left on base; Milton 6 - Phoenix 2 |
TOP OF THE 7TH |
Milton Dogfish Head batting - Pitching for Phoenix Hotspur Reserves : LHP Ray Davis
|
Batting: RHB Bryce Bancroft
|
0-0: Ball 1-0: Ball 2-0: SINGLE (Groundball, 4MD)
|
Batting: LHB Edward Woodstock
|
0-0: Swinging Strike 0-1: Ball 1-1: Ball 2-1: Swinging Strike 2-2: Strikes out looking
|
Batting: RHB Luis Alomar
|
0-0: Ball 1-0: Foul Ball, location: 2F 1-1: Foul Ball, location: 2F 1-2: Ball 2-2: SINGLE (Flyball, 9LS) Bryce Bancroft to second Runner from 2nd tries for 3rd, SAFE, no throw
|
Batting: RHB David Sánchez
|
0-0: Ball 1-0: Called Strike 1-1: Ball 2-1: Called Strike 2-2: Foul Ball, location: 2F 2-2: Ball 3-2: Base on Balls Luis Alomar to second
|
Batting: LHB Luis Vicenteno
|
0-0: Swinging Strike 0-1: Foul Ball, location: 2F 0-2: Ball 1-2: Ball 2-2: Grounds into double play, 3-2-3 (Groundball, 3)
|
Top of the 7th over - 0 runs, 2 hits, 0 errors, 2 left on base; Milton 6 - Phoenix 2 |
BOTTOM OF THE 7TH |
Phoenix Hotspur Reserves batting - Pitching for Milton Dogfish Head : RHP Robinson Suárez
|
Batting: RHB Bob Curry
|
0-0: Foul Ball, location: 2F 0-1: Ball 1-1: SINGLE (Groundball, 4) (infield hit)
|
Batting: RHB Germán Alfaro
|
0-0: Called Strike 0-1: Foul Ball, location: 2F 0-2: Ball 1-2: Strikes out looking
|
Batting: LHB Richard Alpert
|
0-0: Ball 1-0: Swinging Strike 1-1: Fly out, F8 (Flyball, 8LD)
|
Batting: LHB Derek Blair
|
0-0: Ball 1-0: Foul Ball, location: 2F 1-1: Ball 2-1: Foul Ball, location: 2F 2-2: Ball 3-2: Ground out 6-3 (Groundball, 6M)
|
Bottom of the 7th over - 0 runs, 1 hit, 0 errors, 1 left on base; Milton 6 - Phoenix 2 |
TOP OF THE 8TH |
Milton Dogfish Head batting - Pitching for Phoenix Hotspur Reserves : LHP Ray Davis
|
Batting: SHB Javier Luna
|
0-0: Called Strike 0-1: Foul Ball, location: 2F 0-2: Ball 1-2: Ball 2-2: Strikes out swinging
|
Batting: RHB Moisés Quintana
|
0-0: SINGLE (Groundball, 34D)
|
Batting: RHB Miguel Montoya
|
0-0: Ball 1-0: Ball 2-0: Ball 3-0: Called Strike 3-1: Foul Ball, location: 2F 3-2: Grounds into double play, 6-4-3 (Groundball, 6M)
|
Top of the 8th over - 0 runs, 1 hit, 0 errors, 0 left on base; Milton 6 - Phoenix 2 |
BOTTOM OF THE 8TH |
Phoenix Hotspur Reserves batting - Pitching for Milton Dogfish Head : RHP Robinson Suárez
|
Batting: SHB Roberto López
|
0-0: Ball 1-0: Called Strike 1-1: Ball 2-1: Ball 3-1: Swinging Strike 3-2: Foul Ball, location: 2F 3-2: Fly out, F9 (Flyball, 89S)
|
Batting: RHB Jesús Mejía
|
0-0: Ball 1-0: Ball 2-0: Ball 3-0: Called Strike 3-1: Ground out 4-3 (Groundball, 4)
|
Batting: RHB Hieronymus Bosch
|
0-0: Ball 1-0: Foul Ball, location: 2F 1-1: Fly out, F7 (Flyball, 78D)
|
Bottom of the 8th over - 0 runs, 0 hits, 0 errors, 0 left on base; Milton 6 - Phoenix 2 |
TOP OF THE 9TH |
Milton Dogfish Head batting - Pitching for Phoenix Hotspur Reserves : LHP Ray Davis
|
Batting: RHB José Correa
|
0-0: Called Strike 0-1: SINGLE (Popup, 4MD)
|
Batting: RHB Bryce Bancroft
|
0-0: Called Strike 0-1: Grounds into double play, 1-6-3 (Groundball, 13)
|
Batting: LHB Edward Woodstock
|
0-0: Ball 1-0: Ball 2-0: Ball 3-0: Called Strike 3-1: Base on Balls
|
Batting: RHB Luis Alomar
|
0-0: Ball 1-0: Foul Ball, location: 2F 1-1: Called Strike 1-2: Ball 2-2: Ball Edward Woodstock steals 2nd base 3-2: SINGLE (Groundball, 56D) Edward Woodstock to third Edward Woodstock scores
|
Pitching: RHP Bob Cook
|
|
Batting: RHB David Sánchez
|
0-0: Ball 1-0: Called Strike 1-1: Ball 2-1: Foul Ball, location: 2F 2-2: Fly out, F9 (Flyball, 9S)
|
Top of the 9th over - 1 run, 2 hits, 0 errors, 1 left on base; Milton 7 - Phoenix 2 |
BOTTOM OF THE 9TH |
Phoenix Hotspur Reserves batting - Pitching for Milton Dogfish Head : RHP Robinson Suárez
|
Batting: RHB Julián De Paz
|
0-0: Swinging Strike 0-1: SOLO HOME RUN (Flyball, 7LD), Distance : 358 ft
|
Batting: LHB Harumi Takaki
|
0-0: Ball 1-0: Foul Ball, location: 2F 1-1: Called Strike 1-2: Foul Ball, location: 2F 1-2: Foul Ball, location: 2F 1-2: Strikes out swinging
|
Batting: RHB Bob Curry
|
0-0: Ball 1-0: Ball 2-0: Fly out, F8 (Flyball, 8RD)
|
Batting: RHB Germán Alfaro
|
0-0: Ball 1-0: Fly out, F9 (Flyball, 89S)
|
Bottom of the 9th over - 1 run, 1 hit, 0 errors, 0 left on base; Milton 7 - Phoenix 3 |
|